 Dungeon Crawl Stone Soup version 0.26.1-10-gdfb7c7de75 (webtiles) character file.

Game seed: 7775720258507137583

544 Eitelfritz the Slasher (level 7, -2/60 HPs)
             Began as a Hill Orc Fighter on Apr 4, 2021.
             Killed from afar by an electric eel (13 damage)
             ... with a bolt of electricity
             ... on level 6 of the Dungeon.
             The game lasted 00:15:33 (6106 turns).

Eitelfritz the Slasher (Hill Orc Fighter)           Turns: 6106, Time: 00:15:34

Health: -2/60      AC:  9    Str: 21    XL:     7   Next: 27%
Magic:  7/7        EV:  8    Int:  8    God:
Gold:   212        SH:  9    Dex: 10    Spells: 6/6 levels left

rFire    + . .     SeeInvis .   a - +2 falchion (freeze)
rCold    + . .     Faith    .   c - +0 kite shield
rNeg     . . .     Spirit   .   b - +0 scale mail
rPois    .         Reflect  .   u - +1 helmet
rElec    .         Harm     .   x - scarf {rC+ rF+}
rCorr    .         Rampage  .   (no gloves)
Will     .....                  (no boots)
Stlth    ..........             (no amulet)
HPRegen  0.20/turn              (no ring)
MPRegen  0.10/turn              (no ring)

@: no status effects
A: no striking features
a: no special abilities


You were on level 6 of the Dungeon.
You visited 1 branch of the dungeon, and saw 6 of its levels.

You collected 212 gold pieces.

Inventory:

Hand Weapons
 a - a +2 falchion of freezing (weapon)
 v - a +0 mace
 y - a +0 long sword
Missiles
 h - 2 boomerangs
 q - 16 poisoned darts (quivered)
 w - 7 curare-tipped darts
Armour
 b - a +0 scale mail (worn)
 c - a +0 kite shield (worn)
 u - a +1 helmet (worn)
 x - a scarf of resistance (worn)
Jewellery
 z - a +4 ring of evasion {unknown}
 B - an uncursed ring of protection from cold {unknown}
Wands
 g - a wand of paralysis (7)
 i - a wand of acid (8)
 n - a wand of random effects (18)
 t - a wand of disintegration (17)
Scrolls
 e - 3 scrolls of identify
 f - a scroll of magic mapping
 j - 2 scrolls of remove curse
 A - a scroll of teleportation
Potions
 d - 3 potions of might
 k - a potion of berserk rage {unknown}
 l - a potion of haste
 m - a potion of flight {unknown}
 o - a potion of degeneration {unknown}
 p - 2 potions of heal wounds
 r - a potion of curing {unknown}
 s - a potion of magic {unknown}


   Skills:
 + Level 4.5 Fighting
 + Level 5.5 Long Blades
 + Level 1.9 Throwing
 + Level 5.0 Armour
 + Level 1.0 Dodging
 + Level 0.1 Stealth
 + Level 4.3 Shields


You had 6 spell levels left.
You didn't know any spells.
Your spell library was empty.

Dungeon Overview and Level Annotations

Branches:
Dungeon (6/15)
 Temple: D:4-7

Altars:
Cheibriados
Hepliaklqana
Nemelex Xobeh
Sif Muna
Vehumet
Wu Jian


Message History

The electric eel completely resists.
The bolt of electricity hits you!
You miss the electric eel.
The electric eel is heavily wounded.
The electric eel shoots out a bolt of lightning at you!
The bolt of electricity misses you.
The bolt of electricity hits the electric eel.
The electric eel completely resists.
The electric eel shoots out a bolt of lightning at you!
The bolt of electricity hits you!
You slash the electric eel! You freeze the electric eel.
You kill the electric eel!
The electric eel shoots out a bolt of lightning at you!
The bolt of electricity hits the electric eel.
The electric eel completely resists.
The bolt of electricity hits you!
* * * LOW HITPOINT WARNING * * *
You hear a shout!
Your Armour skill increases to level 5!
The electric eel shoots out a bolt of lightning at you!
The bolt of electricity hits you!
You die...

######
.####+#....#
........##.#
.).....<.#.#
.........#.#
....#+#..#.#
... #@.#.# ..
#....#
..≈≈≈≈≈;≈≈...#
≈;≈≈≈≈≈≈≈≈#.#
≈#+#≈≈###≈≈.#
#≈≈ +≈≈.# #≈≈
#≈≈## ≈≈≈ ≈≈≈#
≈≈≈ ≈≈#


You could see an electric eel.

Vanquished Creatures
  A phantom (D:5)
  A scorpion (D:4)
  A howler monkey (D:4)
  An electric eel (D:6)
  2 orc wizards (D:5)
  A worker ant (D:5)
  Robin (D:3)
  4 gnolls (D:4)
  4 adders
  A shadow imp (D:5)
  An ufetubus (D:5)
  2 oozes
  A worm (D:3)
  A dart slug (D:1)
  2 leopard geckos
  13 orcs
  14 bats
  2 giant cockroaches
  25 goblins
  8 hobgoblins
  16 jackals
  6 kobolds
  4 quokkas (D:4)
  8 frilled lizards
  5 rats
125 creatures vanquished.

Notes
Turn   | Place    | Note
-------+----------+-------------------------------------------
     0 | D:1      | Eitelfritz the Hill Orc Fighter began the quest for the
                  | Orb.
     0 | D:1      | Reached XP level 1. HP: 19/19 MP: 1/1
   117 | D:1      | Reached XP level 2. HP: 18/27 MP: 2/2
   840 | D:1      | Reached XP level 3. HP: 31/33 MP: 3/3
   983 | D:2      | Found a snail-covered altar of Cheibriados.
   998 | D:2      | Reached skill level 1 in Throwing
  1231 | D:2      | Found an ornate altar of the Wu Jian Council.
  1258 | D:2      | Found a sparkling altar of Nemelex Xobeh.
  1537 | D:2      | Found a hazy altar of Hepliaklqana.
  1649 | D:2      | Reached XP level 4. HP: 31/40 MP: 4/4
  2701 | D:3      | Reached XP level 5. HP: 19/46 MP: 5/5
  3165 | D:3      | Found a faded altar of an unknown god.
  3404 | D:3      | Noticed Robin
  3408 | D:3      | Killed Robin
  4403 | D:4      | Reached XP level 6. HP: 31/53 MP: 6/6
  4939 | D:4      | Found a radiant altar of Vehumet.
  5085 | D:5      | Entered Level 5 of the Dungeon
  5094 | D:5      | Noticed a phantom
  5159 | D:5      | Killed a phantom
  5160 | D:5      | Reached skill level 1 in Dodging
  5295 | D:5      | Reached skill level 5 in Long Blades
  5436 | D:5      | Reached XP level 7. HP: 57/60 MP: 7/7
  5848 | D:5      | Found a shimmering blue altar of Sif Muna.
  6106 | D:6      | Reached skill level 5 in Armour
  6106 | D:6      | Killed from afar by an electric eel

Illustrated notes

Levels and vault maps discovered:
D:1:      psy_arrival_statuary, layout_basic, minmay_three_crescents
D:2:      layout_loops_corners, nzn_hepliaklqana_mist_gate,
          nicolae_overflow_crystal_walls, nemelex_xobeh_ov_fountains_minmay,
          lemuel_doored_altar, kennysheep_potato
D:3:      kennysheep_goblin_castle, layout_basic,
          chequers_ecumenical_altar_simple_redux, minmay_misc_feat_four_crosses
D:4:      layout_cave_pools, kennysheep_mini, kennysheep_generic_room_14
D:5:      layout_gridville, led_sif_book
D:6:      lemuel_upstairs_altar, layout_basic, nicolae_tso_carved_into_rock,
          minmay_temple_entry_grid, water_boxes_lemuel

Skill      XL: |  1  2  3  4  5  6  7 |
---------------+----------------------+-----
Throwing       | 1 |  1.9
Long Blades    | 3 4 5 |  5.5
Fighting       | 4 |  4.5
Armour         | 4 5 |  5.0
Shields        | 4 |  4.3
Dodging        | 1 |  1.0
Stealth        | |  0.1

Action                   |  1- 3 |  4- 6 |  7- 9 || total
-------------------------+-------+-------+-------++-------
Melee: Long sword        |    94 |   157 |       ||   251
       Falchion          |       |    96 |    29 ||   125
Throw: Stone             |    43 |    75 |       ||   118
       Dart              |       |     7 |     8 ||    15
       Boomerang         |       |       |     2 ||     2
  Use: Scroll            |       |     8 |       ||     8
Armor: Scale mail        |    38 |   141 |     8 ||   187
Dodge: Dodged            |    37 |   109 |     8 ||   154
Block: Kite shield       |    54 |   156 |    11 ||   221
       Rpst.: Long sword |    13 |    29 |       ||    42
       Falchion          |       |    11 |     2 ||    13
